 Dungeon Crawl Stone Soup version 0.21-a0-404-g291f19a (webtiles) character file.

30 FerrousOx the Grave Robber (level 3, -3/24 HPs)
             Began as a Demonspawn Necromancer on Oct 30, 2017.
             Slain by an adder (5 damage)
             ... on level 2 of the Dungeon.
             The game lasted 00:04:12 (1715 turns).

FerrousOx the Grave Robber (Demonspawn Necromancer) Turns: 1715, Time: 00:04:12

Health: -3/24      AC:  2    Str:  8    XL:     3   Next: 5%
Magic:  0/6        EV: 12    Int: 17    God:
Gold:   24         SH:  0    Dex: 13    Spells: 4/6 levels left

rFire    . . .     SeeInvis .   (no weapon)
rCold    . . .     Gourm    .   (no shield)
rNeg     . . .     Faith    .   a - +0 robe
rPois    .         Spirit   .   (no helmet)
rElec    .         Reflect  .   (no cloak)
rCorr    .         Harm     .   (no gloves)
MR       .....                  (no boots)
Stlth    ++........             (no amulet)
HPRegen  0.08/turn              (no ring)
MPRegen  0.10/turn              (no ring)

@: lethally poisoned (-3 -> -5)
A: hooves 1, demonic guardian 1
a: no special abilities


You were on level 2 of the Dungeon.
You were not hungry.

You visited 1 branch of the dungeon, and saw 2 of its levels.

You collected 24 gold pieces.

Inventory:

Armour
 a - a +0 robe (worn)
Scrolls
 d - a scroll of teleportation {unknown}
 e - a scroll of amnesia {unknown}
Books
 b - a book of Necromancy

   Spells                             Type                      Level
   a - Pain                           Necromancy                   1
   b - Animate Skeleton               Necromancy                   1
   c - Vampiric Draining              Necromancy                   3
   d - Regeneration                   Charms/Necromancy            3
   e - Animate Dead                   Necromancy                   4
   f - Control Undead                 Necromancy                   4
Comestibles
 c - a bread ration


   Skills:
 - Level 1.7 Dodging
 - Level 1.9 Stealth
 + Level 2.3 Spellcasting
 * Level 5.2 Necromancy


You had 4 spell levels left.
You knew the following spells:

 Your Spells              Type           Power        Failure   Level  Hunger
a - Pain                  Necr           ###.         2%          1    #......
b - Animate Skeleton      Necr           N/A          2%          1    #......


Dungeon Overview and Level Annotations

Branches:
Dungeon (2/15)

Altars:


Innate Abilities, Weirdness & Mutations

You have large cloven feet.
A weak demonic guardian rushes to your aid.


Message History

* * * LOW HITPOINT WARNING * * *
Casting: Pain
Confirm with . or Enter, or press ? or * to list all spells.
Aiming: Pain
Press: ? - help, Shift-Dir - straight line, f/p - adder
Aim: an adder (moderately wounded, chance to defeat MR: 84%)
The adder writhes in agony!
The adder barely misses you.
Casting: Pain
Confirm with . or Enter, or press ? or * to list all spells.
You don't have enough magic to cast that spell.
Unknown command.
You closely miss the adder. Your kick misses the adder.
The adder is almost dead.
The adder bites you.
* * * LOW HITPOINT WARNING * * *
You miss the adder.
The adder is almost dead.
* * * LOW HITPOINT WARNING * * *
You feel sick. The adder closely misses you. The adder bites you.
You die...

.. #.. ######## ##...
#......# # #...#
#......# .. ##.#.#
#......# ..#
###..#.####S@....#
#...#................#
....#................#
.............w.......#
...##.............(..#
...#.................#
...............#.#####
...#...........#.#
.................#


You could see a worm and an adder.

Vanquished Creatures
  A leopard gecko (D:2)
  3 bats (D:1)
  2 giant cockroaches (D:2)
  2 goblins
  A hobgoblin (D:1)
  4 jackals (D:1)
  A ball python (D:2)
  3 frilled lizards
  6 kobolds
  5 rats
28 creatures vanquished.

Notes
Turn   | Place    | Note
-------+----------+-------------------------------------------
     0 | D:1      | FerrousOx the Demonspawn Necromancer began the quest for the Orb.
     0 | D:1      | Reached XP level 1. HP: 13/13 MP: 3/3
   211 | D:1      | Learned a level 1 spell: Animate Skeleton
   256 | D:1      | Gained mutation: A weak demonic guardian rushes to your aid. [demonic ancestry]
   256 | D:1      | Reached XP level 2. HP: 17/19 MP: 3/5
   801 | D:1      | Reached skill level 5 in Necromancy
  1409 | D:2      | Gained mutation: You have large cloven feet. [demonic ancestry]
  1409 | D:2      | Reached XP level 3. HP: 12/24 MP: 0/6
  1715 | D:2      | Slain by an adder

Vault maps used:
D:1:      scummos_arrival_forest
D:2:      first_bread

Skill      XL: |  1  2 |
---------------+-------+-----
Necromancy     | 5 |  5.2
Dodging        | |  1.7
Stealth        | |  1.9
Spellcasting   | |  2.3

Action                   || total
-------------------------++-------
Melee: Unarmed           ||    14
 Cast: Pain              ||    63
       Animate Skeleton  ||     4
  Eat: Chunk             ||     3
Armor: Robe              ||     7
Dodge: Dodged            ||    46

Table legend:
 A = Spawn XP
 B = Non-spawn XP
 C = Spawn XP percentage of total XP
 D = Spawn monster count
 E = Non-spawn monster count
 F = Spawn count percentage of total count
 G = Total turns spent on level
                    A         B        C        D         E        F      G
               +---------+---------+-------+---------+---------+-------+---------
         Total |       0 |      44 |   0.0 |       0 |      28 |   0.0 |  1715
               +---------+---------+-------+---------+---------+-------+---------
           D:1 |       0 |      29 |   0.0 |       0 |      19 |   0.0 |  1414
           D:2 |       0 |      15 |   0.0 |       0 |       9 |   0.0 |   301
               +---------+---------+-------+---------+---------+-------+---------
